 Dungeon Crawl Stone Soup version 0.18-a0-316-gf882de5 (webtiles) character file.

49 kosy22 the Ducker (level 3, -1/36 HPs)
             Began as a Troll Fighter on Nov 27, 2015.
             Slain by Sigmund
             ... wielding a cursed -1 scythe
              (10 damage)
             ... on level 2 of the Dungeon.
             The game lasted 00:02:37 (1487 turns).

kosy22 the Ducker (Troll Fighter)                   Turns: 1487, Time: 00:02:38

Health: -1/36      AC:  5    Str: 25    XL:     3   Next: 51%
Magic:  2/2        EV:  8    Int:  4    God:
Gold:   61         SH:  9    Dex:  9    Spells: 0 memorised, 2 levels left

rFire  . . .     SeeInvis .       - Unarmed
rCold  . . .     Clarity  .     a - +0 robe
rNeg   . . .     SustAt   .     b - +0 shield
rPois  .         Gourm    +     (helmet restricted)
rElec  .         Spirit   .     (no cloak)
rCorr  .         Warding  .     (gloves unavailable)
rMut   .         Stasis   .     (boots unavailable)
MR     .....                    (no amulet)
Stlth  +.........               (no ring)
                                (no ring)

@: not resistant to hostile enchantments, very unstealthy
A: unfitting armour, claws 3, fast metabolism 3, gourmand, regeneration 2,
shaggy fur 1, tough skin 2
a: no special abilities


You were on level 2 of the Dungeon.
You were not hungry.

You visited 1 branch of the dungeon, and saw 2 of its levels.

You collected 61 gold pieces.

Inventory:

Armour
 a - a +0 robe (worn)
 b - a +0 shield (worn)
Jewellery
 n - an uncursed ring of poison resistance {unknown}
 o - an uncursed ring of see invisible {unknown}
 r - an uncursed ring of protection from fire {unknown}
Scrolls
 e - a scroll of identify
 f - 2 scrolls of enchant armour {unknown}
 i - 2 scrolls of remove curse
 j - 2 scrolls of fear {unknown}
 m - a scroll of teleportation {unknown}
 p - 2 scrolls of amnesia {unknown}
Potions
 c - a potion of might
 h - a potion of experience {unknown}
 k - 2 potions of invisibility {unknown}
 l - a potion of lignification {unknown}
Comestibles
 d - 2 bread rations
 g - 2 meat rations


   Skills:
 + Level 2.8 Fighting
 + Level 2.9 Dodging
 + Level 0.3 Stealth
 + Level 2.8 Shields
 + Level 2.1 Unarmed Combat


You had 2 spell levels left.
You didn't know any spells.

Dungeon Overview and Level Annotations

Branches:
Dungeon (2/15)

Altars:
Nemelex Xobeh

Annotations:
D:2 Sigmund


Innate Abilities, Weirdness & Mutations

You are too large for most types of armour.
You have claws for hands.
Your metabolism is lightning-fast.
You like to eat raw meat.
You heal very quickly.
You are covered in fur (AC +1).
You have very tough skin (AC +2).


Message History

You scratch something but do no damage. Something hits you but does no damage.
You barely miss something. You closely miss something.
Something hits you but does no damage.
You miss something. You miss something.
You hear some strange, mumbled words.
You are confused.
You scratch something but do no damage. Something hits you but does no damage.
You bump into the rock wall.
You miss something. Something hits you!
You closely miss something.
You bump into the rock wall.
Something hits you!
* * * LOW HITPOINT WARNING * * *
You bump into the rock wall.
You're too confused to move!
You feel less confused. Something hits you but does no damage.
You completely miss something. You miss something. Something hits you!
You die...

#.# #.#
#.# ###
#.#
.>...#####
#.#
.....@†@.#
#.#
.....###.#
#.# ###
#.######.#
#...{@...#
##########


There were no monsters in sight!

Vanquished Creatures
  2 oozes
  A worm (D:2)
  2 giant geckos (D:1)
  6 goblins
  3 hobgoblins (D:1)
  7 kobolds
  6 bats
  2 giant cockroaches
  3 giant newts
  5 rats (D:1)
37 creatures vanquished.

Notes
Turn   | Place    | Note
--------------------------------------------------------------
     0 | D:1      | kosy22 the Troll Fighter began the quest for the Orb.
     0 | D:1      | Reached XP level 1. HP: 22/22 MP: 0/0
   130 | D:1      | Reached XP level 2. HP: 2/29 MP: 1/1
   644 | D:1      | Reached XP level 3. HP: 36/36 MP: 2/2
  1007 | D:2      | Found a sparkling altar of Nemelex Xobeh.
  1447 | D:2      | Noticed Sigmund
  1487 | D:2      | Slain by Sigmund

Vault maps used:
D:1:      roderic_chinese_lattice_arrival
D:2:      tgw_trog, lemuel_coloured_pillars_altar, uniq_sigmund

Action                   || total
-------------------------++-------
Melee: Unarmed           ||   137
  Use: Potion            ||     1
       Scroll            ||     1
 Stab: Sleeping          ||     1
  Eat: Chunk             ||    10
       Bread ration      ||     1
